[Event "*** MasterClass Titled Tuesday Blitz"]
[Site "Chess.com"]
[Date "2017.07.04"]
[Round "8"]
[White "Zufi1811"]
[Black "dolynachess"]
[Result "1/2-1/2"]
[WhiteElo "2393"]
[BlackElo "2347"]
[TimeControl "180+2"]
[EndTime "14:55:49 PDT"]
[Termination "Game drawn by repetition"]

1. d4 Nf6 2. Nf3 c5 3. d5 g6 4. c4 b5 5. Nc3 b4 6. Nb1 d6 7. a3 a5 8. b3 Bg7 9. Bb2 O-O 10. a4 Re8 11. Nbd2 e6 12. dxe6 Rxe6 13. e3 Bb7 14. Be2 Nbd7 15. O-O Qc7 16. Qc2 Rae8 17. Rad1 h6 18.
Rfe1 Ne4 19. Bxg7 Kxg7 20. Nxe4 Bxe4 21. Qb2+ Nf6 22. Nd2 Bc6 23. Bg4 R6e7 24. Nf1 h5 25. Be2 Re6 26. f3 Kh7 27. e4 Nd7 28. Ne3 Ne5 29.
Bd3 Bb7 30. Qf2 Qe7 31. Bc2 Qf6 32. h3 Qf4 33. Nf1 Kg7 34. Rd2 h4 35. Red1 Rd8 36.
Qe3 Qxe3+ 37. Nxe3 Nc6 38. Kf2 Nd4 39. Rxd4 cxd4 40. Rxd4 Rc8 41. Nd5 Bxd5 42. Rxd5 Rc5 43. Rd4 g5 44. Bd3 Kf6 45. Bc2 Ke5 46. Ke3 Re8 47. Rd1 Re6 48. Rd2 Rf6 49. Rd1 Rf4 50.
Rd2 Rf6 51. Rd1 Re6 52. Rd2 Rf6 53. Rd1 Rf4 54. Rd2 Rf6 55. Rd1 Rh6 56. Rd2 Rh8 57.
Rd1 Rd8 58. Rd2 Re8 59. Rd1 Re6 60. Rd2 Rg6 61. Rd1 Rg8 62. Rd2 Re8 63. Rd1 Re6 64. Rd2 Re7 65. Rd1 Rec7 66. Rd2 Rd7 67. Rd1 Rd8 68.
Rd2 Rg8 69. Rd1 Rg6 70. Rd2 Rf6 1/2-1/2

[Event "*** MasterClass Titled Tuesday Blitz"]
[Site "Chess.com"]
[Date "2017.07.04"]
[Round "8"]
[White "michaelk123"]
[Black "Vamostodorecto"]
[Result "1/2-1/2"]
[WhiteElo "2276"]
[BlackElo "2340"]
[TimeControl "180+2"]
[EndTime "14:57:11 PDT"]
[Termination "Game drawn - insufficient material"]

1. e4 g6 2. d4 Bg7 3. Nc3 d6 4. h3 a6 5. a4 Nd7 6. Nf3 c5 7. d5 Ngf6 8. Be3 Qa5 9. Nd2 Rb8 10. Ra3 O-O 11. Be2 Qc7 12. O-O Re8 13. Bf4 Ne5 14. Bh2 g5 15. Re1 Bd7 16. a5 Ng6 17. Nc4 Bb5 18.
Ne3 Bxe2 19. Qxe2 e6 20. dxe6 fxe6 21. Nc4 Nf4 22. Bxf4 gxf4 23. e5 dxe5 24. Nxe5 Nd5 25. Qe4 Rbd8 26. Rb3 Re7 27. Kh2 Qxa5 28. Nc4 Nxc3 29.
Nxa5 Nxe4 30. Rxe4 Rd4 31. Rxd4 Bxd4 32. Nxb7 Bxf2 33.
Nd6 Bg3+ 34. Kg1 Rd7 35. Rd3 f3 36. Ne4 Rxd3 37. cxd3 Be5 38. gxf3 Bxb2 39. Kf1 Bd4 40. Nd6 a5 41. Nc4 a4 42. Ke2 Kf7 43. Kd2 Kf6 44.
Kc2 Kf5 45. Nb6 Kf4 46. Nxa4 Kxf3 47. Kd2 Kg3 48. Ke2 Kxh3 49. Kf3 Kh4 50. Nb6 Kg5 51. Nc4 h5 52. Nd6 h4 53. Ne4+ Kf5 54. Nd6+ Kf6 55. Kg4 Ke7 56. Ne4 Bf6 57. Nxc5 Bd4 58. Ne4 e5 59.
Kxh4 Ke6 60. Kg4 Kd5 61. Kf3 Bb2 62. Ke2 Bd4 63. Nd2 Ke6 64. Kf3 Kf5 65. Nc4 Ke6 66. Ke4 Ba1 67. Nd2 Bd4 68. Nf3 Ba1 69. Ne1 Bd4 70. Nc2 Bb2 71. Nb4 Bd4 72. Nc6 Bb2 73.
Na5 Bd4 74. Nb3 Bb2 75. Nc5+ Kd6 76. Na4 Ba1 77. Ke3 Bd4+ 78. Ke4 Ba1 79. Nb6 Bd4 80.
Nd5 Ba1 81. Nf6 Ke6 82. Ng4 Kd6 83. Ne3 Ke6 84. Nc2 Bc3 85. Ne3 Ba1 86. Nc2 Bb2 87.
d4 exd4 88. Nxd4+ Bxd4 1/2-1/2

[Event "*** MasterClass Titled Tuesday Blitz"]
[Site "Chess.com"]
[Date "2017.07.04"]
[Round "9"]
[White "aspired"]
[Black "dhanushbharadwaj"]
[Result "1/2-1/2"]
[WhiteElo "2512"]
[BlackElo "2358"]
[TimeControl "180+2"]
[EndTime "15:03:01 PDT"]
[Termination "Game drawn by agreement"]

1. e4 c6 2. Nf3 d5 3. exd5 cxd5 4. Ne5 Nc6 5. d4 e6 6. Bb5 Bd7 7. Nxd7 Qxd7 8. c3 Nf6 9. O-O Bd6 10. Nd2 O-O 11. f4 a6 12. Bd3 b5 13. Qe2 b4 14.
Bxa6 bxc3 15. bxc3 Qa7 16. Bd3 Nxd4 17. cxd4 Qxd4+ 18. Rf2 Qxa1 19. Nb3 Qc3 20. Bb2 Qb4 21. Bxf6 gxf6 22.
Bxh7+ Kxh7 23. Qh5+ Kg7 24. Qg4+ Kh7 25. Qh4+ Kg8 26.
Qg3+ Kh7 27. Qh4+ Kg8 1/2-1/2

[Event "*** MasterClass Titled Tuesday Blitz"]
[Site "Chess.com"]
[Date "2017.07.04"]
[Round "9"]
[White "Iball95"]
[Black "ChessQueen"]
[Result "0-1"]
[WhiteElo "2518"]
[BlackElo "2540"]
[TimeControl "180+2"]
[EndTime "15:03:33 PDT"]
[Termination "ChessQueen won by resignation"]

1. d4 Nf6 2. Nf3 b6 3. Bf4 Bb7 4. e3 e6 5. Bd3 d5 6. O-O Bd6 7.
Bg3 Nbd7 8. Nbd2 Qe7 9. Ne5 Ne4 10. Bxe4 dxe4 11. Ndc4 Bxe5 12. Nxe5 Nxe5 13. Bxe5 O-O 14. c4 Rad8 15. Qc2 f6 16. Bg3 c5 17. Rfd1 cxd4 18.
exd4 f5 19. Be5 f4 20. Re1 Qg5 21. Kh1 Qg6 22. b4 Rf5 23. Rxe4 Rxe5 0-1

[Event "*** MasterClass Titled Tuesday Blitz"]
[Site "Chess.com"]
[Date "2017.07.04"]
[Round "9"]
[White "vpantev"]
[Black "Alexander_Donchenko"]
[Result "1/2-1/2"]
[WhiteElo "2458"]
[BlackElo "2568"]
[TimeControl "180+2"]
[EndTime "15:04:15 PDT"]
[Termination "Game drawn by repetition"]

1. d4 Nf6 2. Nf3 e6 3. Bf4 c5 4. e3 Qb6 5. Qc1 Nc6 6. c3 d5 7. Nbd2 Be7 8. h3 O-O 9. Qc2 Bd7 10. Qb3 c4 11. Qc2 Nh5 12. Bh2 f5 13. Be2 Nf6 14.
O-O Qd8 15. Ne5 Nxe5 16. Bxe5 b5 17. b3 Bc6 18. Bf3 Nd7 19. Bh2 Qb6 20. Rab1 Qa6 21. Be2 Nb6 22. Nf3 Be8 23. Ne5 Nd7 24. Nxd7 Bxd7 25.
bxc4 bxc4 26. Rb2 Ba3 27. Rbb1 Ba4 28. Qd2 Bd6 29. Bxd6 Qxd6 30. Rb4 Bc6 31. Rfb1 Rfb8 32. Qb2 Rxb4 33. Qxb4 Qxb4 34. Rxb4 Kf7 35. h4 Ke7 36. Kh2 h6 37. h5 Kf6 38. Kg3 Kg5 39. Bd1 Rc8 40. Be2 Rf8 41. Bf3 Rd8 42. Bd1 Rc8 43. Be2 Re8 44. Bd1 Rc8 45. Rb2 Rd8 46. Rb4 Rc8 47. Rb2 Rd8 48. Rb4 Rc8 1/2-1/2

[Event "*** MasterClass Titled Tuesday Blitz"]
[Site "Chess.com"]
[Date "2017.07.04"]
[Round "9"]
[White "gena217"]
[Black "FairChess_on_YouTube"]
[Result "0-1"]
[WhiteElo "2666"]
[BlackElo "2723"]
[TimeControl "180+2"]
[EndTime "15:04:32 PDT"]
[Termination "FairChess_on_YouTube won by resignation"]

1. e4 c5 2. Nf3 e6 3. g3 Nc6 4. Bg2 Nf6 5. d3 d5 6. Qe2 Be7 7. O-O O-O 8. e5 Nd7 9. c4 b5 10. cxd5 exd5 11. Nc3 Nb6 12. Nxb5 Ba6 13. Nc3 d4 14. Ne4 c4 15. Rd1 cxd3 16. Qe1 Nb4 17. Bf4 Nc2 18. Qa5 Bb7 19. Nfg5 Nxa1 20. e6 Bxg5 21.
Nxg5 Bxg2 22. exf7+ Rxf7 23. Nxf7 Qd5 24. Qxd5 Bxd5 25. Ne5 Nc2 26. Nxd3 Re8 27. b3 Be4 28. Nc5 Bg6 0-1

[Event "*** MasterClass Titled Tuesday Blitz"]
[Site "Chess.com"]
[Date "2017.07.04"]
[Round "9"]
[White "popov_m"]
[Black "Msb2"]
[Result "0-1"]
[WhiteElo "2408"]
[BlackElo "2560"]
[TimeControl "180+2"]
[EndTime "15:04:32 PDT"]
[Termination "Msb2 won by resignation"]

1. d4 Nf6 2. Bf4 d5 3. e3 c5 4. Nd2 Nc6 5. c3 Bf5 6. Ngf3 Qb6 7. dxc5 Qxb2 8. Nd4 Bg4 9. f3 e5 10. Rb1 Qa3 11. fxg4 exf4 12. Rxb7 Bxc5 13. Bb5 O-O 14. Bxc6 fxe3 15. N2b3 Rac8 16. Bb5 Qxa2 17. O-O Ne4 18. Qd3 e2 19. Re1 Qxb3 20. Bc6 Qxc3 21. Qxc3 Nxc3 0-1

[Event "*** MasterClass Titled Tuesday Blitz"]
[Site "Chess.com"]
[Date "2017.07.04"]
[Round "9"]
[White "GMAkobianSTL"]
[Black "SuperCheese"]
[Result "0-1"]
[WhiteElo "2543"]
[BlackElo "2439"]
[TimeControl "180+2"]
[EndTime "15:04:34 PDT"]
[Termination "SuperCheese won by resignation"]

1. d4 Nf6 2. c4 e6 3. Nf3 d5 4. Nc3 Bb4 5. cxd5 exd5 6. Qa4+ Nc6 7. Bg5 h6 8. Bxf6 Qxf6 9. e3 O-O 10. Rc1 Be6 11.
Bb5 Bd7 12. O-O Bxc3 13. Rxc3 a6 14. Bxc6 Bxc6 15. Qb3 Bb5 16. Rfc1 c6 17. a4 Be2 18.
Ne5 Qe7 19. f3 Rfe8 20. Kf2 f6 21. Ng6 Qf7 22. Nf4 Bc4 23. Qc2 g5 24. Nd3 Bxd3 25. Qxd3 Rad8 26. Qf5 Kg7 27. a5 Qe6 28. g4 Rd7 29. h4 Rde7 30. Qxe6 Rxe6 31. hxg5 hxg5 32. Rb3 R6e7 33. Rcc3 Rh8 34. Ke2 Rh2+ 35. Kd3 Rf2 36. Rb4 Rxf3 37. Ke2 Rh3 38. Rcb3 Kg6 39. Rxb7 Rhxe3+ 40.
Rxe3 Rxb7 41. b3 Rb4 42. Kd3 Rxb3+ 0-1

[Event "*** MasterClass Titled Tuesday Blitz"]
[Site "Chess.com"]
[Date "2017.07.04"]
[Round "9"]
[White "fidetrainerNET"]
[Black "stalyansky"]
[Result "0-1"]
[WhiteElo "2070"]
[BlackElo "2232"]
[TimeControl "180+2"]
[EndTime "15:04:37 PDT"]
[Termination "stalyansky won by resignation"]

1. e4 e5 2. Nf3 Nc6 3. Bb5 a6 4.
Bxc6 dxc6 5. O-O Bg4 6. h3 h5 7. Nc3 Qf6 8. d3 Bxf3 9. Qxf3 Qxf3 10. gxf3 Bd6 11. f4 exf4 12. d4 g5 13. e5 Be7 14.
h4 f6 15. Ne4 fxe5 16. dxe5 gxh4 17. Bxf4 Nh6 18. Rfe1 Nf5 19. Rad1 Rd8 20. e6 Rg8+ 21. Kh2 Rxd1 22. Rxd1 Rg4 23. Rd7 Rxf4 24. f3 Nd6 25. Nc5 Rc4 26. b4 Rxb4 27. Rxc7 Rc4 28. Rd7 Rxc5 29. Rc7 Rxc2+ 0-1

[Event "*** MasterClass Titled Tuesday Blitz"]
[Site "Chess.com"]
[Date "2017.07.04"]
[Round "9"]
[White "SergeiAza"]
[Black "AkshatChandra"]
[Result "1/2-1/2"]
[WhiteElo "2721"]
[BlackElo "2677"]
[TimeControl "180+2"]
[EndTime "15:04:42 PDT"]
[Termination "Game drawn by agreement"]

1. e4 e6 2. d4 d5 3. Nd2 c5 4. Ngf3 cxd4 5. Nxd4 Nf6 6. exd5 Qxd5 7. N4f3 Nc6 8. Bc4 Qd6 9. O-O Be7 10. Qe2 O-O 11. Rd1 Qc7 12. Ne4 b6 13. Bg5 Nxe4 14. Qxe4 Bb7 15. Bd3 g6 16. Qh4 h5 17. Re1 Bxg5 18.
Nxg5 Qe7 19. Qg3 Rad8 20. Re3 Qf6 21. Rae1 Nd4 22. h4 Nf5 23. Bxf5 Qxf5 24. Re5 Qg4 25. Qxg4 hxg4 26. R5e2 1/2-1/2

[Event "*** MasterClass Titled Tuesday Blitz"]
[Site "Chess.com"]
[Date "2017.07.04"]
[Round "9"]
[White "escher"]
[Black "blitzcopter"]
[Result "0-1"]
[WhiteElo "2043"]
[BlackElo "2057"]
[TimeControl "180+2"]
[EndTime "15:04:44 PDT"]
[Termination "blitzcopter won by resignation"]

1. e4 c6 2. d4 d5 3. Nd2 dxe4 4.
Nxe4 Bf5 5. Ng3 Bg6 6. h4 h6 7. Nf3 Nd7 8. h5 Bh7 9. Bd3 Bxd3 10.
Qxd3 e6 11. Bd2 Ngf6 12. Ne4 Nxe4 13. Qxe4 Nf6 14. Qe2 Be7 15. O-O-O Qd5 16. Kb1 Qe4 17. Rde1 Qxe2 18. Rxe2 c5 19. Be3 Ng4 20. Ne5 Nxe3 21. fxe3 Bf6 22. Ng4 cxd4 23. Nxf6+ gxf6 24. exd4 Rd8 25. c3 Rg8 26. Rf2 f5 27. Kc2 Ke7 28. Kd3 Rg3+ 29.
Kc2 Rdg8 30. Rh2 Kf6 31. Kd2 R8g4 32. Ke1 Kg5 33. Kf1 Rh4 34. Rxh4 Kxh4 35. Rf3 Rxf3+ 36. gxf3 Kxh5 37. c4 Kg5 38. d5 exd5 39. cxd5 Kf6 40. Kf2 Ke5 41. Kg3 Kxd5 42. Kh4 Kd4 43. Kh5 Ke3 44.
Kxh6 f4 45. Kg5 Kxf3 0-1

[Event "*** MasterClass Titled Tuesday Blitz"]
[Site "Chess.com"]
[Date "2017.07.04"]
[Round "9"]
[White "Rodalquilar"]
[Black "1e41-0"]
[Result "1-0"]
[WhiteElo "2516"]
[BlackElo "2280"]
[TimeControl "180+2"]
[EndTime "15:05:10 PDT"]
[Termination "Rodalquilar won by resignation"]

1. d4 d5 2. Bf4 Nf6 3. e3 e6 4.
Nd2 c5 5. c3 Qb6 6. Qb3 c4 7.
Qc2 Nc6 8. e4 Be7 9. Ngf3 O-O 10.
Be2 Bd7 11. O-O a5 12. b3 cxb3 13. axb3 dxe4 14. Nxe4 Nd5 15. Neg5 g6 16. Bd2 Rac8 17. Qd3 Rfd8 18. Rab1 Bf6 19. Qe4 Nce7 20. c4 Nb4 21.
Qf4 Bxg5 22. Nxg5 Rf8 23. Qh4 h5 24. Bxh5 Nf5 25. Qh3 gxh5 26. Qxh5 Kg7 27. Qh7+ Kf6 28. Ne4+ Ke7 29. Bg5+ Ke8 30. Nf6+ Kd8 31. Nd5+ f6 32. Nxb6 Rc7 33. Bf4 e5 34. dxe5 Nd4 35. e6 Ne2+ 36.
Kh1 Nxf4 37. e7+ Ke8 38. exf8=Q+ Kxf8 39. Nxd7+ Ke8 40. Nxf6+ Kd8 41. Rfd1+ Nbd3 42. Rxd3+ Nxd3 43. Qxd3+ Kc8 44. Rd1 Kb8 45. Qd6 a4 46. Nd5 1-0

[Event "*** MasterClass Titled Tuesday Blitz"]
[Site "Chess.com"]
[Date "2017.07.04"]
[Round "9"]
[White "peteseeger"]
[Black "IamSchrodingersCat"]
[Result "0-1"]
[WhiteElo "2150"]
[BlackElo "2435"]
[TimeControl "180+2"]
[EndTime "15:05:13 PDT"]
[Termination "IamSchrodingersCat won by resignation"]

1. e4 c5 2. Nf3 d6 3. Bb5+ Nc6 4. d4 cxd4 5. Qxd4 Bd7 6. Bxc6 bxc6 7. c4 e5 8. Qd3 Be7 9. Nc3 Qc7 10. O-O Nf6 11.
Bg5 Be6 12. Rab1 O-O 13. b4 Nh5 14. Be3 f5 15. b5 cxb5 16. Nd5 Qd7 17. Rxb5 fxe4 18.
Qxe4 Nf6 19. Nxf6+ Bxf6 20. Rd1 Rac8 21. Nxe5 Bxe5 22.
Rxe5 Rxc4 23. Qb1 dxe5 24. Rxd7 Bxd7 25. Qd3 Be6 26. Qd6 Bf7 27. Qxe5 Re8 28. Qa5 Rc2 29. Qxa7 Rc1+ 0-1

[Event "*** MasterClass Titled Tuesday Blitz"]
[Site "Chess.com"]
[Date "2017.07.04"]
[Round "9"]
[White "politeplayer"]
[Black "michaelk123"]
[Result "0-1"]
[WhiteElo "2176"]
[BlackElo "2282"]
[TimeControl "180+2"]
[EndTime "15:05:27 PDT"]
[Termination "michaelk123 won by resignation"]

1. e4 c6 2. d4 d5 3. exd5 cxd5 4. c4 Nf6 5. Nc3 Nc6 6. Nf3 Bg4 7. cxd5 Nxd5 8.
Bb5 e6 9. Qa4 Bxf3 10. Bxc6+ bxc6 11. Qxc6+ Ke7 12. gxf3 Rc8 13. Nxd5+ exd5 14. Qa6 f6 15.
O-O Qd7 16. Re1+ Kf7 17. Bf4 Bb4 18. Rec1 Qf5 19. Qb7+ Kg6 20. Bg3 Bd2 21. Rxc8 Rxc8 22. Qxa7 Rc2 23. Qa3 Bc1 24. Qe7 Qxf3 25. Qe8+ Kh6 26.
Qe1 Bxb2 27. Rb1 Bxd4 28. Qf1 Rxa2 29. Qc1+ Kg6 30. Qf1 Rd2 31. Re1 h5 32. Qh3 Bxf2+ 33. Kf1 Be3+ 0-1

[Event "*** MasterClass Titled Tuesday Blitz"]
[Site "Chess.com"]
[Date "2017.07.04"]
[Round "9"]
[White "rasmussvane"]
[Black "Indianlad"]
[Result "0-1"]
[WhiteElo "2525"]
[BlackElo "2530"]
[TimeControl "180+2"]
[EndTime "15:05:40 PDT"]
[Termination "Indianlad won by resignation"]

1. Nf3 Nf6 2. c4 g6 3. Nc3 Bg7 4. e4 O-O 5. d4 c5 6. Be2 d6 7. O-O cxd4 8. Nxd4 Nc6 9. Be3 Nxd4 10. Bxd4 Bd7 11. b4 a5 12. b5 Be6 13. Rc1 Rc8 14.
Bxf6 Bxf6 15. Nd5 Bxd5 16. cxd5 Qb6 17. Qd3 Bg5 18. Rc4 Rc5 19. Rxc5 Qxc5 20. g3 Rc8 21. Kg2 Qb4 22. Rb1 Qa4 23. Qb3 Qxe4+ 24. Bf3 Qc2 25.
b6 Be3 26. Qxe3 Qxb1 27. Bg4 Rd8 28. h4 Qb4 29. Qxe7 Rf8 30. Bf3 Qxb6 31. h5 a4 32. Qf6 Qd8 33. Qd4 Qg5 34. Qxa4 gxh5 35. Qb4 h4 36.
Qxd6 hxg3 37. fxg3 Ra8 38. Kh3 Ra6 39. Qb8+ Kg7 40. Be4 Qh5+ 41. Kg2 0-1

[Event "*** MasterClass Titled Tuesday Blitz"]
[Site "Chess.com"]
[Date "2017.07.04"]
[Round "9"]
[White "ehrenfeld"]
[Black "IMJonathanCarlstedt"]
[Result "1-0"]
[WhiteElo "2408"]
[BlackElo "2435"]
[TimeControl "180+2"]
[EndTime "15:05:43 PDT"]
[Termination "ehrenfeld won by resignation"]

1. e4 d6 2. d4 Nf6 3. Nc3 e5 4.
Nge2 Nbd7 5. g3 Be7 6. Bg2 O-O 7. O-O c6 8. a4 Qc7 9. h3 Re8 10. Be3 Nf8 11. Qd2 a6 12. a5 exd4 13. Bxd4 Be6 14. Nf4 Bc4 15. Rfe1 Ne6 16. Nxe6 Bxe6 17. e5 dxe5 18.
Bxe5 Rad8 19. Qc1 Bd6 20. Bxf6 gxf6 21. Qh6 Be5 22. Ne4 Qe7 23. Ng5 fxg5 24. Rxe5 f6 25. Re2 Qg7 26. Qh5 Qf7 27. Qf3 Bd5 28. Rxe8+ Rxe8 29. Qc3 Bxg2 30. Kxg2 Qd5+ 31. Kg1 Kf7 32. Re1 Re6 33.
Rxe6 Kxe6 34. Qe3+ Kd7 35. Qb6 Qd1+ 36. Kh2 Qxc2 37.
Qxb7+ Ke6 38. Qb6 Kd5 39. b4 c5 40. Qd8+ Kc4 41. Qxf6 cxb4 42. Qxa6+ Kb3 43. Qe6+ Ka4 44. a6 Qxf2+ 45. Kh1 b3 46. Qd7+ Ka3 47. a7 Qf3+ 48. Kh2 b2 49. Qd6+ Kb3 50. Qb8+ Kc2 51. a8=Q Qxa8 52.
Qxa8 b1=Q 53. Qe4+ Kb2 54. Qxb1+ Kxb1 55. Kg2 Kc2 56. Kf3 Kd3 57. Kg4 h6 58. Kh5 Ke3 1-0

[Event "*** MasterClass Titled Tuesday Blitz"]
[Site "Chess.com"]
[Date "2017.07.04"]
[Round "9"]
[White "Schemato"]
[Black "grobesk"]
[Result "1-0"]
[WhiteElo "2288"]
[BlackElo "2209"]
[TimeControl "180+2"]
[EndTime "15:05:46 PDT"]
[Termination "Schemato won on time"]

1. c4 e5 2. g3 Nc6 3. Nc3 Bc5 4. Bg2 a6 5. e3 d6 6. Nge2 Ba7 7. O-O h5 8. h3 h4 9. g4 f5 10. gxf5 Bxf5 11. d4 Nge7 12. b3 Rg8 13. Kh2 g5 14. dxe5 dxe5 15. Bb2 g4 16. Qxd8+ Rxd8 17. Rad1 gxh3 18.
Bxh3 Bxh3 19. Kxh3 Kf7 20. Nd5 Nxd5 21. cxd5 Nb4 22. e4 c6 23. a3 Nc2 24. Bxe5 cxd5 25. exd5 Nxa3 26. f4 Nc2 27. Nd4 Ne3 28. Ne6 Rxd5 29. Rxd5 Nxd5 30. Ng5+ Ke7 31. Kxh4 Be3 32. Rf3 Bc1 33. Kg4 b5 34. Rd3 Ne3+ 35. Kf3 Nf5 36. Ke4 1-0

[Event "*** MasterClass Titled Tuesday Blitz"]
[Site "Chess.com"]
[Date "2017.07.04"]
[Round "9"]
[White "Vamostodorecto"]
[Black "Al_Shima"]
[Result "0-1"]
[WhiteElo "2332"]
[BlackElo "2360"]
[TimeControl "180+2"]
[EndTime "15:05:50 PDT"]
[Termination "Al_Shima won by checkmate"]

1. d4 Nf6 2. c4 e6 3. Nc3 Bb4 4. a3 Bxc3+ 5. bxc3 O-O 6. f3 d5 7.
cxd5 exd5 8. e3 c5 9. Bd3 Nc6 10. Ne2 b6 11. O-O Bb7 12. Ng3 Ne7 13. Ra2 Qd7 14.
Re2 Rad8 15. Bb2 Rfe8 16. e4 dxe4 17. fxe4 cxd4 18. cxd4 Nc6 19. Bb5 a6 20. Bxc6 Bxc6 21. d5 Bb5 22. Rxf6 Bxe2 23. Qd4 Bb5 24. Nf5 Re6 25. Nh6+ gxh6 26. Rg6+ fxg6 27. Qh8+ Kf7 28. Qxh7+ Ke8 29. Qg8+ Ke7 30. Qg7+ Kd6 31. Qd4 Rxe4 32. Qxe4 Qf5 33. Qd4 Qf1# 0-1

[Event "*** MasterClass Titled Tuesday Blitz"]
[Site "Chess.com"]
[Date "2017.07.04"]
[Round "9"]
[White "Fy_Rakotomaharo"]
[Black "Godzillator"]
[Result "0-1"]
[WhiteElo "2366"]
[BlackElo "2299"]
[TimeControl "180+2"]
[EndTime "15:05:56 PDT"]
[Termination "Godzillator won by resignation"]

1. d4 d5 2. c4 c6 3. Nc3 Nf6 4. Nf3 a6 5. e3 Bf5 6. Be2 h6 7.
cxd5 cxd5 8. Qb3 b5 9. a4 b4 10. Na2 a5 11. O-O e6 12. Bb5+ Nbd7 13. Ne5 Bd6 14.
Bd2 Bxe5 15. dxe5 Ne4 16. Rfd1 O-O 17. Nc1 Nxe5 18. f3 Nxd2 19. Rxd2 Rc8 20. Ne2 Nc4 21. Rdd1 Qb6 22. Nd4 Bg6 23. f4 Be4 24. Rac1 Rc7 25.
Rxc4 dxc4 26. Bxc4 Rfc8 27. Bb5 Bd5 28. Qd3 Rc1 29.
Kf2 Rxd1 30. Qxd1 Be4 31. Bd3 Qb7 32. Bf1 Qc7 33. Bd3 Bxd3 34. Qxd3 Qc1 35. b3 Qb2+ 36. Kf3 Rc1 37. h4 Rg1 38. Ne2 Rf1+ 39. Kg3 Qb1 40.
Qd8+ Kh7 41. Qd2 Qe1+ 42. Qxe1 Rxe1 43. Kf2 Rb1 44. Nd4 f6 45. e4 e5 46. fxe5 fxe5 47. Nc6 Rxb3 48. Nxa5 Rc3 49. Nb7 b3 0-1

[Event "*** MasterClass Titled Tuesday Blitz"]
[Site "Chess.com"]
[Date "2017.07.04"]
[Round "9"]
[White "MarshKnight"]
[Black "Bad4life"]
[Result "1-0"]
[WhiteElo "2160"]
[BlackElo "2259"]
[TimeControl "180+2"]
[EndTime "15:05:59 PDT"]
[Termination "MarshKnight won by checkmate"]

1. e4 c5 2. Nf3 d6 3. d4 cxd4 4.
Nxd4 Nf6 5. Nc3 g6 6. Be3 Bg7 7. f3 O-O 8. Qd2 Nc6 9. Bc4 Bd7 10. O-O-O Rc8 11. Bb3 Ne5 12. Kb1 Nc4 13. Bxc4 Rxc4 14.
g4 b5 15. b3 b4 16. bxc4 bxc3 17. Qxc3 Qc7 18. h4 h5 19. g5 Nh7 20. Qd3 Rc8 21. Kc1 Qa5 22. Nb3 Qxa2 23. Bd4 Qa3+ 24. Kd2 Be6 25.
Bxg7 Kxg7 26. Qc3+ f6 27. Ra1 Rxc4 28. Rxa3 Rxc3 29. Kxc3 fxg5 30. Rxa7 Kf7 31. Nd4 g4 32. Nxe6 Kxe6 33. fxg4 hxg4 34. h5 gxh5 35. Rxh5 Nf6 36. Rh6 g3 37. Rxf6+ Kxf6 38. Kd3 g2 39. Ra1 Ke5 40. Rg1 d5 41. exd5 Kxd5 42. Rxg2 e5 43. c4+ Kc5 44. Ke4 Kxc4 45. Rc2+ Kb3 46. Rc8 Kb4 47. Kxe5 Kb5 48. Kd6 Kb6 49. Rb8+ Ka5 50. Kc6 Ka4 51. Kc5 Ka3 52. Kc4 Ka4 53. Ra8# 1-0

[Event "*** MasterClass Titled Tuesday Blitz"]
[Site "Chess.com"]
[Date "2017.07.04"]
[Round "9"]
[White "playablecharacter"]
[Black "BigMak2500"]
[Result "1-0"]
[WhiteElo "2047"]
[BlackElo "2391"]
[TimeControl "180+2"]
[EndTime "15:06:04 PDT"]
[Termination "playablecharacter won by resignation"]

1. d4 Nf6 2. c4 e6 3. Nc3 Bb4 4. Qc2 c5 5. dxc5 O-O 6. Nf3 Na6 7. Bd2 Nxc5 8. a3 Bxc3 9. Bxc3 Nce4 10. Bxf6 Qxf6 11.
Qxe4 Qxb2 12. Rd1 Qxa3 13. e3 Qc3+ 14. Nd2 a5 15. Bd3 f5 16. Qd4 Qxd4 17. exd4 d6 18. O-O a4 19. Ra1 Bd7 20. Rfb1 Bc6 21. Be2 Kf7 22.
Bf3 d5 23. cxd5 exd5 24. Ra3 Rfe8 25. Kf1 Re6 26. Re1 Bb5+ 27. Be2 Bxe2+ 28. Rxe2 b5 29.
Rxe6 Kxe6 30. Nb3 Re8 31. Nc5+ Kd6 32. Re3 Rxe3 33. fxe3 a3 34. Ke2 a2 35. Nb3 Kc6 36.
Kd3 b4 37. Kc2 Kb5 38. h3 Kc4 39. Nd2+ Kb5 40. Kb2 g5 41. Kxa2 h5 42. Kb3 g4 43.
hxg4 fxg4 44. Nf1 h4 45. Nh2 h3 46. g3 Ka5 47. Nxg4 Kb5 48. Nh2 Kc6 49. Kxb4 Kd6 1-0

[Event "*** MasterClass Titled Tuesday Blitz"]
[Site "Chess.com"]
[Date "2017.07.04"]
[Round "9"]
[White "wonderfultime"]
[Black "Witik"]
[Result "1-0"]
[WhiteElo "2667"]
[BlackElo "2558"]
[TimeControl "180+2"]
[EndTime "15:06:13 PDT"]
[Termination "wonderfultime won by resignation"]

1. d4 Nf6 2. c4 d6 3. Nc3 Nbd7 4. g3 e5 5. Bg2 Be7 6. Nf3 O-O 7. O-O c6 8. b3 a6 9. Qc2 Re8 10. Ba3 Bf8 11.
e4 b5 12. Rfd1 Qb6 13. dxe5 dxe5 14. Bxf8 Nxf8 15. Rd6 Bg4 16. Nd5 Qc5 17. Nxf6+ gxf6 18. Rxf6 Ne6 19. Qd2 Bxf3 20. Bxf3 Qd4 21. Qc1 Kh8 22.
Bg4 Nc5 23. Rxf7 Rf8 24. Rf5 Nxe4 25. Qe1 Rxf5 26. Bxf5 Nc3 27. Kg2 e4 28. cxb5 axb5 29. a4 Rf8 30. g4 b4 31. a5 Nd5 32. Ra2 Qe5 33. a6 Nf4+ 34. Kh1 Nd3 35. Qe3 c5 36. a7 Ra8 37. Qxe4 1-0

[Event "*** MasterClass Titled Tuesday Blitz"]
[Site "Chess.com"]
[Date "2017.07.04"]
[Round "9"]
[White "JeffReinberg"]
[Black "KNVB"]
[Result "1-0"]
[WhiteElo "2629"]
[BlackElo "2479"]
[TimeControl "180+2"]
[EndTime "15:06:17 PDT"]
[Termination "JeffReinberg won on time"]

1. e4 e6 2. Nc3 d5 3. d3 c5 4. g3 Nf6 5. Bg2 Nc6 6. f4 dxe4 7. Nxe4 Nxe4 8. dxe4 Qxd1+ 9. Kxd1 b6 10. c3 Ba6 11. Kc2 O-O-O 12. b3 Bd3+ 13. Kb2 Be7 14. Nh3 Kc7 15. Nf2 Ba6 16. Be3 h5 17. Rad1 Rxd1 18. Rxd1 Rd8 19. Rg1 g6 20. e5 c4 21. b4 Bb5 22.
Rd1 Rxd1 23. Nxd1 a5 24. a3 axb4 25. axb4 Ba4 26. Nf2 Na7 27. Bf1 Bb5 28. Ne4 Nc6 29. Nd2 Bd8 30. Bxc4 Bxc4 31. Nxc4 Kb7 32. Nd6+ Ka6 33.
Nxf7 Be7 34. Kb3 b5 35. Nh8 g5 36. Nf7 g4 37. Bc5 Bd8 38. Nxd8 Nxd8 39. c4 Nf7 40. Bf8 Kb6 41. f5 bxc4+ 42. Kc3 Nxe5 43. fxe6 Nc6 44. e7 1-0

[Event "*** MasterClass Titled Tuesday Blitz"]
[Site "Chess.com"]
[Date "2017.07.04"]
[Round "9"]
[White "mokerslag"]
[Black "Colombiano07"]
[Result "0-1"]
[WhiteElo "2425"]
[BlackElo "2339"]
[TimeControl "180+2"]
[EndTime "15:06:18 PDT"]
[Termination "Colombiano07 won by resignation"]

1. e4 c5 2. Nf3 g6 3. d4 cxd4 4.
c3 Bg7 5. cxd4 d5 6. e5 Bg4 7. Nc3 Nh6 8. h3 Bxf3 9. Qxf3 e6 10. Bb5+ Nd7 11. O-O O-O 12. Bxd7 Qxd7 13. Bg5 Nf5 14. Rad1 h6 15. Bf6 Rfc8 16. g4 Ne7 17. Rd3 a6 18. Re1 Nc6 19. h4 Qc7 20. h5 g5 21. Bxg7 Kxg7 22.
Qf6+ Kh7 23. Rf3 Rf8 24. Rd1 Qe7 25. Na4 Qxf6 26. Rxf6 Kg7 27. Kg2 Rac8 28. f4 b5 29.
Nc3 gxf4 30. Rxf4 f6 31. exf6+ Rxf6 32. Rdf1 Rcf8 33. Rxf6 Rxf6 34. Rxf6 Kxf6 35. Ne2 Nb4 36. a3 Nd3 37. b4 Ne1+ 38. Kg3 Nc2 39. Kf4 Nxa3 40.
Ng1 Nc2 41. Nf3 Nxb4 42. g5+ hxg5+ 43. Nxg5 Nd3+ 44. Kg4 Nf2+ 45. Kf4 Nd3+ 46. Kg4 b4 47. Nh7+ Kg7 48. Ng5 b3 49. Nxe6+ Kf6 50. Nf8 b2 51. h6 b1=Q 52. h7 Kg7 0-1